 Dungeon Crawl Stone Soup version 0.30-a0-377-g5cb311bc9f (webtiles) character file.

Game seed: 15541308612457773532

73 qeuew the Shield-Bearer (level 4, -9/37 HPs)
             Began as a Formicid Fighter on Nov 29, 2022.
             Mangled by a fire elemental (10 damage)
             ... created by the fiery vengeance of Ignis
             ... on level 3 of the Dungeon.
             The game lasted 00:02:44 (2046 turns).

qeuew the Shield-Bearer (Formicid Fighter)          Turns: 2046, Time: 00:02:44

Health: -9/37      AC:  7    Str: 20    XL:     4   Next: 51%
Magic:  4/4        EV:  9    Int:  8    God:
Gold:   125        SH:  5    Dex: 15    Spells: 3/3 levels left

rFire   . . .      SeeInvis +    a - +0 war axe
rCold   . . .      Faith    .    c - +0 buckler
rNeg    . . .      Spirit   .    b - +1 scale mail
rPois   .          Reflect  .    (helmet unavailable)
rElec   .          Harm     .    (no cloak)
rCorr   .          Rampage  .    (no gloves)
Will    .....                    (no boots)
Stlth   ..........               (no amulet)
HPRegen 0.26/turn                (no ring)
MPRegen 0.09/turn                (no ring)

@: fire susceptible
A: permanent stasis, dig shafts and tunnels, antennae 3, four strong arms
a: Dig, Shaft Self


You were on level 3 of the Dungeon.
You visited 1 branch of the dungeon, and saw 3 of its levels.

You collected 125 gold pieces.

Inventory:

Hand Weapons
 a - a +0 war axe (weapon)
Armour
 b - a +1 scale mail (worn)
 c - a +0 buckler (worn)
Scrolls
 f - a scroll of vulnerability {unknown}
 g - a scroll of teleportation {unknown}
Potions
 d - a potion of might
 e - a potion of flight
 h - 2 potions of heal wounds


   Skills:
 * Level 4.2 Fighting
 + Level 2.4 Axes
 + Level 3.6 Armour
 + Level 1.1 Dodging
 + Level 4.5 Shields


You had 3 spell levels left.
You didn't know any spells.
Your spell library contained the following spells:

 Spells                   Type           Power      Damage    Failure   Level
 Kiss of Death            Conj/Necr      0%         2d5       83%         1
 Confusing Touch          Hex            0%         N/A       99%         3
 Inner Flame              Hex/Fire       0%         N/A       99%         3
 Cause Fear               Hex            0%         N/A       100%        4
 Dispel Undead            Necr           0%         3d6       100%        4
 Discord                  Hex            0%         N/A       100%        8


Dungeon Overview and Level Annotations

Branches:
Dungeon (3/15)

Altars:
Kikubaaqudgha
Xom
Ignis


Innate Abilities, Weirdness & Mutations

You cannot be hasted, slowed, berserked, paralysed or teleported.
You can dig through walls and to a lower floor.
You have a pair of large antennae on your head. (SInv)
Your four strong arms can wield two-handed weapons with a shield.


Message History

You slash the hobgoblin!
You kill the hobgoblin!
The goblin shoots a sling bullet.
You block the sling bullet.
The goblin shoots a sling bullet.
You block the sling bullet.
The goblin unwields a +0 sling.
The goblin wields a +0 dagger.
The goblin hits you but does no damage.
You hit the goblin but do no damage. The goblin hits you with a +0 dagger.
You slash the goblin!
You kill the goblin!
No target in view!
No target in view!
No target in view!
No target in view!
No target in view!
No target in view!
No target in view!
No target in view!
No target in view!
No target in view!
No target in view!
No target in view!
No target in view!
Ignis wails with rage, and rains down burning fury!
The divine experience confuses you!
You are confused. 2 fire elementals come into view.
There are monsters nearby!
There are monsters nearby!
You see here a ball python corpse.
The fire elemental hits you. The fire elemental burns you!
You feel less confused. The fire elemental hits you.
The fire elemental burns you! The fire elemental hits you.
The fire elemental burns you!
* * * LOW HITPOINT WARNING * * *
The fire elemental closely misses you. The fire elemental barely misses you.
You closely miss the fire elemental. You hit the fire elemental.
You block the fire elemental's attack. The fire elemental barely misses you.
The fire elemental hits you. The fire elemental burns you!
* * * LOW HITPOINT WARNING * * *
The fire elemental hits you. The fire elemental burns you!
You die...

..........######
#.... #..#<
#.........#
#####...#...
......
######...###
#.......#..
....... #
#...'.#
#.......#
....... #
#...#.#
#.......# #.....
. # #...#=#
#.......## #
#...#.#
#......... #
#...#.# #.....#
#
#...#.###..@..#
#
#...#.)##.EE..#
#..........°..#
#........°....#
#.............#
#...........#.#
#...........#.#
####........#.#
#.........


You could see 2 fire elementals.

Vanquished Creatures
  An adder (D:3)
  2 worms (D:2)
  2 dart slugs
  3 bat zombies (D:3)
  2 endoplasms (D:1)
  6 giant cockroaches
  8 goblins
  5 hobgoblins
  2 quokkas (D:1)
  4 ball pythons
  3 bats
  A frilled lizard (D:2)
  6 kobolds
  7 rats
52 creatures vanquished.

Notes
Turn   | Place    | Note
-------+----------+-------------------------------------------
     0 | D:1      | qeuew the Formicid Fighter began the quest for the Orb.
     0 | D:1      | Reached XP level 1. HP: 18/18 MP: 1/1
   136 | D:1      | Reached XP level 2. HP: 17/24 MP: 2/2
   593 | D:1      | Reached XP level 3. HP: 30/30 MP: 3/3
  1286 | D:2      | Reached skill level 1 in Dodging
  1502 | D:2      | Found a shimmering altar of Xom.
  1665 | D:2      | Reached XP level 4. HP: 37/37 MP: 4/4
  1670 | D:2      | Found a faded altar of an unknown god.
  1711 | D:2      | Prayed at the altar of an unknown god.
  1711 | D:2      | Became a worshipper of Ignis, the Dying Flame
  1712 | D:2      | Fell from the grace of Ignis
  1825 | D:3      | Found an ancient bone altar of Kikubaaqudgha.
  2041 | D:3      | Noticed a fire elemental
  2041 | D:3      | Noticed a fire elemental
  2046 | D:3      | HP: 1/37 [fire elemental[the fiery vengeance of Ignis] (6)]
  2046 | D:3      | Mangled by a fire elemental

Illustrated notes

Levels and vault maps discovered:
D:1:      denvon_arrival_waterhouse, layout_loops_cross,
          serial_co_window_serial, co_window_of_opportunity_a,
          co_window_paths_a, co_window_paths_a, co_window_of_opportunity_a,
          co_window_paths_a, co_window_unsneaky_path_c, co_window_cross_3,
          co_window_corner_ca, co_window_broadway_b, co_window_paths_e,
          glass_columns_a, glass_columns_a, palyth_stone_intersect,
          serial_park_tiny_pond, nrook_mini_backslash
D:2:      layout_basic, shapermc_ecumenical_altar_notcrosses, basic_altar
D:3:      layout_basic, lemuel_zombie_altar_kikubaaqudgha,
          chequers_serial_rivers_large_b

Skill      XL: |  1  2  3 |
---------------+----------+-----
Dodging        | 1 |  1.1
Fighting       | 4 |  4.2
Axes           | |  2.4
Armour         | |  3.6
Shields        | |  4.5

Action                   |  1- 3 |  4- 6 || total
-------------------------+-------+-------++-------
Melee: War axe           |    98 |    39 ||   137
Invok: Renounce Religion |       |     1 ||     1
  Use: Scroll            |     3 |     4 ||     7
       Potion            |     1 |     2 ||     3
Armor: Scale mail        |    32 |    33 ||    65
Dodge: Dodged            |    39 |    30 ||    69
Block: Buckler           |    22 |    14 ||    36

Table legend: (Time is in decaauts)
 A = Elapsed time spent in this place.
 B = Non-inter-level travel time spent in this place.
 C = Inter-level travel time spent in this place.
 D = Time resting spent in this place.
 E = Time spent auto-exploring this place.
 F = Levels seen in this place.
 G = Mean time per level.
                   A        B        C        D        E       F      G
               +--------+--------+--------+--------+--------+-----+--------+
         Total |   2105 |   2033 |     72 |      0 |   1567 |   3 |  701.7 |
       Dungeon |   2105 |   2033 |     72 |      0 |   1567 |   3 |  701.7 |
               +--------+--------+--------+--------+--------+-----+--------+

Top non-repeatable levels by time:
     D:1: 1120 daAuts
     D:2: 693 daAuts
     D:3: 291 daAuts
